 Dungeon Crawl Stone Soup version 0.30-a0-377-g5cb311bc9f (webtiles) character file.

Game seed: 8987655190906816189

483 bande the Covered (level 7, -10/44 HPs)
             Began as a Gargoyle Fighter on Nov 27, 2022.
             Mangled by an ogre
             ... wielding a +0 giant spiked club
              (13 damage)
             ... on level 4 of the Dungeon.
             The game lasted 00:06:14 (3415 turns).

bande the Covered (Gargoyle Fighter)                Turns: 3415, Time: 00:06:14

Health: -10/44     AC: 16    Str: 19    XL:     7   Next: 12%
Magic:  7/7        EV:  4    Int: 15    God:
Gold:   258        SH:  4    Dex: 11    Spells: 6/6 levels left

rFire   + . .      SeeInvis .    a - +1 war axe
rCold   + . .      Faith    .    c - +0 buckler
rNeg    + + .      Spirit   .    h - +0 chain mail
rPois   ∞          Reflect  .    m - +1 hat
rElec   +          Harm     .    k - scarf {rC+ rF+}
rCorr   .          Rampage  .    (no gloves)
Will    .....                    p - +0 pair of boots
Stlth   ..........               (no amulet)
HPRegen 0.27/turn                b - ring of positive energy
MPRegen 0.10/turn                t - +6 ring of intelligence

@: constricted
A: sickness immunity, AC +4, negative energy resistance 1, electricity
resistance, torment resistance 1, petrification resistance
a: no special abilities


You were on level 4 of the Dungeon.
You visited 1 branch of the dungeon, and saw 4 of its levels.
You also visited: Sewer.

You collected 258 gold pieces.

Inventory:

Hand Weapons
 a - a +1 war axe (weapon)
 w - a +0 flail
Armour
 c - a +0 buckler (worn)
 h - a +0 chain mail (worn)
 k - a scarf of resistance (worn)
 m - a +1 hat (worn)
 p - a +0 pair of boots (worn)
Jewellery
 b - a ring of positive energy (left hand)
 i - a ring of ice
 l - a ring of positive energy
 t - a +6 ring of intelligence (right hand)
Scrolls
 f - 2 scrolls of blinking
 o - a scroll of butterflies
 x - a scroll of noise {unknown}
Potions
 d - 3 potions of might
 e - a potion of mutation {unknown}
 g - 2 potions of cancellation {unknown}
 j - 4 potions of curing {unknown}
 n - a potion of degeneration {unknown}
 q - a potion of heal wounds {unknown}
 r - 2 potions of brilliance {unknown}
 u - a potion of resistance {unknown}
 v - a potion of flight {unknown}
Miscellaneous
 s - a piece from Xom's chessboard (15/15)


   Skills:
 + Level 4.4 Fighting
 + Level 4.8 Axes
 + Level 5.0 Armour
 - Level 0.1 Dodging
 + Level 4.3 Shields
 * Level 0.3 Evocations


You had 6 spell levels left.
You didn't know any spells.
Your spell library contained the following spells:

 Spells                   Type           Power      Damage    Failure   Level
 Blink                    Tloc           0%         N/A       99%         2
 Momentum Strike          Conj/Tloc      0%         3d8       99%         2
 Lesser Beckoning         Tloc           0%         N/A       100%        3


Dungeon Overview and Level Annotations

Branches:
Dungeon (4/15)              Sewer (visited)
 Temple: D:4-7

Altars:
Qazlal

Shops:
D:1 ![


Innate Abilities, Weirdness & Mutations

You are immune to sickness and miasma.
Your stone body is resilient. (AC +4)
You are immune to poison.
You resist negative energy. (rN+)
You are resistant to electric shocks. (rElec)
You are resistant to unholy torment.
You are immune to petrification.


Message History

A hound comes into view.
You barely miss the ogre. You block the ogre's attack.
You hit the ogre.
The ogre is lightly wounded.
You barely miss the ball python.
The ogre hits you with a +0 giant spiked club!
The ball python bites you but does no damage.
The ball python barely misses you.
You hit the ogre.
The ogre is moderately wounded.
You miss the hound.
You hit the ball python but do no damage.
The hound bites you but does no damage.
The ball python bites you but does no damage.
The ball python grabs you. The ball python constricts you. The hound bites you.
A gnoll comes into view. It is wielding a +0 club.
The ogre hits you with a +0 giant spiked club!!
* * * LOW HITPOINT WARNING * * *
The ball python bites you but does no damage.
The ball python constricts you. The hound bites you but does no damage.
The gnoll shouts!
You hit the ogre.
The ogre is moderately wounded.
You closely miss the ball python. You slash the hound!
You hear a shout!
You block the hound's attack.
The ball python bites you but does no damage.
The ball python constricts you.
The ogre hits you with a +0 giant spiked club.
* * * LOW HITPOINT WARNING * * *
The hound bites you but does no damage.
You hit the ogre.
The ogre is moderately wounded.
You hit the ball python. You closely miss the hound.
The ball python bites you but does no damage.
The ball python constricts you. The hound bites you but does no damage.
The ball python bites you but does no damage.
The ball python constricts you.
The ogre hits you with a +0 giant spiked club!
You die...

#......## ##......# ##.
#... #....†..## ##..
#... .
.........####...##.#. .#
.................#..#..
.....................#..
.......####...#.......
.....### #...#hS.#
....## #...@O.##..
.....# ##...g....#
.....## ####.......#..
......#####.........#..#
...............##..#...#
.........####..# ##.....
......#### ##.## #....
......# #..# ..##
.....## #..# .#


You could see an ogre, a hound, a gnoll and a ball python.

Vanquished Creatures
  The ghost of Ottie3000 the Covered, an amateur BaFi (D:3)
  2 bullfrogs (Sewer)
  Jessica (D:3)
  An orc wizard (D:3)
  4 gnolls (D:4)
  A river rat (D:3)
  9 adders
  2 dart slugs
  2 orcs (D:3)
  9 endoplasms
  14 giant cockroaches
  4 goblins
  6 hobgoblins
  3 jackals (D:1)
  3 kobolds
  5 quokkas
  11 ball pythons
  3 bats
  6 frilled lizards
  9 rats
96 creatures vanquished.

Vanquished Creatures (others)
  4 demonic plants (D:2)
  3 fungi (D:2)
  3 plants (D:2)
  2 withered plants (D:2)
12 creatures vanquished.

Grand Total: 108 creatures vanquished

Notes
Turn   | Place    | Note
-------+----------+-------------------------------------------
     0 | D:1      | bande the Gargoyle Fighter began the quest for the Orb.
     0 | D:1      | Reached XP level 1. HP: 14/14 MP: 1/1
    90 | D:1      | Found Vuon's Antique Armour Shop.
    90 | D:1      | Found Ubis's Distillery.
   106 | D:1      | Reached XP level 2. HP: 19/19 MP: 2/2
   457 | D:2      | Reached XP level 3. HP: 22/23 MP: 3/3
   931 | D:2      | Found a faded altar of an unknown god.
  1383 | D:3      | Noticed Jessica
  1383 | D:3      | Found a runed translucent door.
  1386 | D:3      | Killed Jessica
  1387 | D:3      | Reached skill level 4 in Armour
  1387 | D:3      | Reached XP level 4. HP: 29/29 MP: 4/4
  1498 | D:3      | Found a glowing drain.
  1503 | Sewer    | Entered a sewer
  1548 | Sewer    | Reached XP level 5. HP: 32/33 MP: 5/5
  1761 | Sewer    | Reached XP level 6. HP: 19/38 MP: 6/6
  2351 | D:3      | Found a stormy altar of Qazlal.
  2495 | D:3      | Noticed Ottie3000's ghost (amateur BaFi)
  2528 | D:3      | Killed Ottie3000's ghost
  2771 | D:4      | Reached skill level 5 in Armour
  2771 | D:4      | Reached XP level 7. HP: 43/43 MP: 7/7
  3415 | D:4      | Mangled by an ogre

Illustrated notes

Levels and vault maps discovered:
D:1:      ncdulo_halloftheorcs, layout_rooms, serial_shops, shop, shop
D:2:      layout_basic, shapermc_ecumenical_altar_gd
D:3:      layout_basic, grunt_qazlal_sundering, ebering_ghost_sewer_d,
          gup_sewer_entry_bowl, minivault_27, grunt_decor_cap, uniq_jessica
D:4:      layout_layer_cave, minivault_26

Skill      XL: |  1  2  3  4  5  6 |
---------------+-------------------+-----
Axes           | 2 3 4 |  4.8
Armour         | 4 5 |  5.0
Fighting       | 4 |  4.4
Shields        | 4 |  4.3
Dodging        | |  0.1
Evocations     | |  0.3

Action                   |  1- 3 |  4- 6 |  7- 9 || total
-------------------------+-------+-------+-------++-------
Melee: War axe           |    80 |   187 |    22 ||   289
  Use: Scroll            |     3 |     4 |     1 ||     8
Armor: Scale mail        |    47 |       |       ||    47
       Chain mail        |    16 |   164 |    27 ||   207
Dodge: Dodged            |    46 |    79 |     6 ||   131
Block: Buckler           |    25 |    57 |    10 ||    92

Table legend: (Time is in decaauts)
 A = Elapsed time spent in this place.
 B = Non-inter-level travel time spent in this place.
 C = Inter-level travel time spent in this place.
 D = Time resting spent in this place.
 E = Time spent auto-exploring this place.
 F = Levels seen in this place.
 G = Mean time per level.
                   A        B        C        D        E       F      G
               +--------+--------+--------+--------+--------+-----+--------+
         Total |   3625 |   3625 |      0 |    254 |   2465 |   5 |  725.0 |
       Dungeon |   2902 |   2902 |      0 |    254 |   1998 |   4 |  725.5 |
         Sewer |    723 |    723 |      0 |      0 |    467 |   1 |  723.0 |
               +--------+--------+--------+--------+--------+-----+--------+

Top non-repeatable levels by time:
     D:2: 961 daAuts
     D:3: 826 daAuts
   Sewer: 723 daAuts
     D:4: 658 daAuts
     D:1: 456 daAuts
